Map: Apotheosis LE

Players

Gracz - Winner!

  • Race: Protoss Protoss
  • League: Silver

Толрейн

  • Race: Zerg Zerg
  • League: Bronze

VOD

Have the link to the VOD?

Description

Time

  • Played on: Oct. 14, 2016, 12:06 p.m.
  • Length: 17:13
Show
View Real Time Build Order
Export as new Build Order

Gracz Protoss - Winner!

Build Orders:  

Get SALT Encoding   

  12  0:04  Probe (Chrono Boost)  
  13  0:17  Pylon  
  13  0:24  Probe (Chrono Boost)  
  14  0:31  Assimilator  
  14  0:35  Pylon  
  14  0:38  Probe (Chrono Boost)  
  15  0:48  Probe (Chrono Boost)  
  16  1:03  Gateway  
  16  1:06  Gateway  
  16  1:19  Probe (Chrono Boost)  
  17  1:28  Pylon  
  17  1:30  Pylon  
  17  1:37  Probe (Chrono Boost)  
  18  1:48  Probe (Chrono Boost)  
  18  1:51  Gateway  
  19  1:57  Gateway  
  19  2:05  Probe (Chrono Boost)  
  20  2:16  Probe (Chrono Boost)  
  21  2:24  Cybernetics Core  
  21  2:52  Nexus, Warp Gate  
  21  2:56  Pylon  
  21  2:58  Pylon  
  21  3:03  Probe (Chrono Boost)  
  22  3:18  Assimilator  
  23  3:21  Probe (Chrono Boost)  
  23  3:25  Adept x2  
  27  3:29  Adept  
  27  3:31  Adept  
  27  3:33  Probe (Chrono Boost)  
  32  3:48  Probe (Chrono Boost)  
  33  4:00  Probe (Chrono Boost)  
  34  4:08  Adept  
  34  4:09  Adept x3  
  42  4:16  Probe (Chrono Boost)  
  44  4:17  Probe (Chrono Boost)  
  44  4:29  Probe (Chrono Boost)  
  45  4:56  Robotics Facility x2  
  45  4:59  Robotics Facility  
  45  5:08  Twilight Council  
  29  6:11  Nexus, Blink  
  29  6:15  Pylon  
  29  6:17  Probe (Chrono Boost)  
  31  6:19  Pylon, Stalker x2, Probe (Chrono Boost)  
  31  6:22  Assimilator, Pylon  
  31  6:24  Assimilator  
  31  6:25  Assimilator  
  35  6:27  Assimilator  
  35  6:28  Probe (Chrono Boost)  
  35  6:31  Probe (Chrono Boost)  
  37  6:38  Probe (Chrono Boost)  
  38  6:43  Stalker x2, Probe (Chrono Boost)  
  43  6:49  Probe (Chrono Boost)  
  45  6:55  Probe (Chrono Boost)  
  45  6:59  Stalker x2, Probe (Chrono Boost)  
  50  7:07  Probe (Chrono Boost)  
  51  7:10  Stargate x2, Mothership Core (Chrono Boost)  
  53  7:25  Stargate  
  53  7:29  Probe x2 (Chrono Boost)  
  56  7:30  Probe (Chrono Boost)  
  56  7:37  Stalker  
  56  7:40  Probe x2 (Chrono Boost)  
  56  7:43  Probe (Chrono Boost)  
  61  7:50  Probe x2 (Chrono Boost)  
  63  7:55  Probe (Chrono Boost)  
  64  8:02  Probe (Chrono Boost)  
  64  8:03  Probe (Chrono Boost)  
  64  8:04  Stalker  
  64  8:05  Stalker x2  
  71  8:07  Probe (Chrono Boost)  
  73  8:13  Probe x2 (Chrono Boost)  
  73  8:19  Probe (Chrono Boost)  
  76  8:22  Fleet Beacon  
  76  8:23  Probe (Chrono Boost)  
  76  8:24  Probe (Chrono Boost)  
  78  8:28  Templar Archives  
  78  8:29  Stalker  
  78  8:30  Stalker  
  78  8:31  Probe (Chrono Boost)  
  83  8:38  Probe x2 (Chrono Boost)  
  85  8:43  Probe (Chrono Boost)  
  86  9:01  Stalker x2  
  90  9:04  Nexus, Psionic Storm  
  90  9:06  Pylon  
  90  9:10  Pylon  
  90  9:14  Pylon  
  90  9:27  Immortal  
  90  9:28  Probe x2 (Chrono Boost), Immortal x2  
  90  9:29  Probe (Chrono Boost)  
  105  9:39  Robotics Bay  
  105  9:46  Pylon  
  105  9:50  Pylon  
  105  9:51  Stalker x2  
  109  9:59  Robotics Facility  
  109  10:12  Forge  
  109  10:13  Forge  
  109  10:16  Forge  
  109  10:20  Colossus  
  109  10:23  Stalker x2  
  109  10:24  Observer, Disruptor  
  123  10:39  Gateway  
  123  10:40  Gateway x2  
  123  10:46  Gateway  
  123  10:55  Stalker  
  125  11:00  Colossus  
  125  11:02  Immortal  
  128  11:04  Probe x3 (Chrono Boost)  
  138  11:13  Stalker  
  138  11:14  Stalker  
  138  11:15  Stalker  
  138  11:18  Colossus  
  150  11:35  Protoss Ground Weapons Level 1, Protoss Ground Armor Level 1, Protoss Shields Level 1  
  150  11:37  Immortal  
  150  11:45  Stalker x4  
  162  11:49  Immortal  
  162  11:51  Carrier  
  162  11:53  Extended Thermal Lance  
  172  12:15  Pylon  
  172  12:18  Pylon  
  172  12:21  Pylon  
  172  12:25  Pylon  
  172  12:28  Pylon  
  172  12:30  Pylon  
  172  12:34  Immortal  
  170  12:51  Disruptor x2  
  170  12:57  High Templar  
  170  12:58  High Templar x2  
  182  13:14  Archon  
  182  13:17  High Templar  
  182  13:18  High Templar  
  186  13:29  Archon  
  186  13:30  High Templar  
  186  13:33  High Templar  
  190  13:50  Observer  
  191  13:56  Colossus  
  191  13:59  Protoss Ground Weapons Level 2, Protoss Ground Armor Level 2  
  197  14:34  High Templar  
  119  17:11  Stalker x6  
Show
View Real Time Build Order
Export as new Build Order

Толрейн Zerg 

Build Orders: Pool First, Muta Ling Bane 

Get SALT Encoding   

  12  0:06  Drone  
  13  0:13  Drone  
  14  0:17  Overlord  
  14  0:38  Spawning Pool  
  14  0:40  Drone  
  14  1:02  Drone x3  
  17  1:10  Evolution Chamber  
  17  1:11  Extractor  
  15  1:14  Extractor, Drone  
  15  1:28  Zergling x2  
  15  1:30  Queen  
  18  1:39  Drone  
  19  1:48  Zergling x2  
  20  1:57  Drone  
  21  2:13  Drone  
  22  2:20  Hatchery  
  21  2:30  Baneling Nest  
  21  2:33  Drone x2  
  22  2:39  Overlord  
  22  2:59  Zergling x6  
  25  3:12  Drone  
  26  3:15  Drone x3  
  29  3:20  Baneling  
  29  3:21  Baneling x5  
  29  3:22  Baneling x4  
  30  3:34  Drone x2  
  30  3:37  Drone  
  32  4:03  Drone x2  
  32  4:04  Drone x2  
  32  4:08  Overlord  
  32  4:09  Overlord x2  
  36  4:17  Lair  
  36  4:26  Extractor  
  36  4:29  Extractor  
  34  4:31  Drone  
  34  4:35  Queen  
  34  4:38  Drone  
  38  4:43  Zergling x4  
  38  4:44  Zergling x2  
  41  4:47  Metabolic Boost  
  41  4:56  Drone x3  
  44  5:04  Drone  
  44  5:05  Drone x2  
  47  5:21  Centrifical Hooks  
  42  6:00  Zergling x2  
  42  6:01  Zergling x8  
  47  6:07  Zergling x2  
  47  6:08  Zergling x4  
  50  6:26  Hatchery  
  50  6:31  Drone x5  
  54  6:39  Zergling x10  
  59  6:43  Hatchery  
  58  6:56  Spire  
  57  7:02  Spire  
  56  7:11  Drone x4  
  60  7:17  Overlord x2  
  60  7:20  Pneumatized Carapace  
  60  7:29  Baneling  
  60  7:30  Baneling x5  
  60  7:31  Baneling x6  
  60  7:32  Baneling x6  
  60  7:33  Baneling x6  
  60  7:34  Baneling x6  
  60  7:35  Baneling x2  
  60  7:47  Queen  
  60  7:50  Drone x2  
  64  7:55  Drone x4  
  64  7:56  Drone x3  
  64  7:57  Drone x4  
  75  8:03  Extractor  
  74  8:05  Extractor  
  74  8:10  Zerg Flyer Weapons Level 1  
  73  8:18  Drone x2  
  75  8:22  Extractor  
  75  8:26  Extractor  
  73  8:31  Queen  
  75  8:42  Drone x3  
  78  8:55  Mutalisk x4  
  86  9:43  Mutalisk  
  88  9:49  Overlord x3  
  88  9:50  Overlord x5  
  88  10:07  Zerg Ground Armor Level 1  
  88  10:10  Zerg Flyer Weapons Level 2  
  88  10:12  Zerg Flyer Armor Level 1  
  88  10:16  Mutalisk x4  
  88  10:17  Mutalisk x6  
  88  10:18  Mutalisk x5  
  88  10:19  Mutalisk x3  
  124  10:33  Drone x2  
  124  10:34  Drone x5  
  131  10:58  Drone  
  131  10:59  Drone x6  
  131  11:00  Drone  
  139  11:05  Overlord  
  139  11:06  Overlord x3  
  139  11:16  Mutalisk x5  
  139  11:17  Mutalisk  
  151  11:50  Hatchery  
  134  12:40  Mutalisk x2  
  134  12:41  Mutalisk x5  
  134  12:42  Mutalisk x6  
  134  12:43  Mutalisk x6  
  134  12:44  Mutalisk x4  
  180  13:02  Overlord x3  
  180  13:03  Overlord x3  
  180  13:05  Extractor  
  179  13:14  Extractor  
  178  13:23  Infestation Pit  
  177  13:31  Drone  
  177  13:32  Drone x2  
  180  13:34  Queen  
  182  14:00  Drone x2  
  184  14:35  Mutalisk x2  
  184  14:36  Mutalisk x5  
  184  14:37  Mutalisk  
  200  14:42  Hive  
  200  15:06  Hatchery  
  116  15:35  Mutalisk x6  
  78  15:36  Mutalisk x4  
  78  15:37  Mutalisk x4  
  78  15:38  Mutalisk x6  
  78  15:39  Mutalisk x6  
  78  15:40  Mutalisk x2  
  128  15:45  Zergling x6  
  128  15:46  Zergling x6  
  128  15:47  Zergling x12  
  128  15:48  Zergling x8  
  56  16:33  Baneling x5  
  56  16:34  Baneling x6  
  56  16:35  Baneling x6  
  56  16:36  Baneling x2  
  56  16:38  Mutalisk x4  
  56  16:39  Mutalisk  
Tags
 
Add a new tag
Caveats
  • Supply blocks, unpowered buildings, or Contaminate may cause inaccurate times.
  • Supply counts are checked every 10 seconds.